 Dungeon Crawl Stone Soup version bcrawl-1.37.2 (webtiles) character file.

Game seed: 9665260949591502397

388478 KristoblXynda the Fighter (level 11, 0/102 HPs)
             Began as a Green Draconian Monk on Jan 25, 2023.
             Was a High Priest of Dithmenos.
             Slain by a merfolk
             ... wielding a +0 trident
              (16 damage)
             ... on level 11 of the Dungeon.
             The game lasted 00:16:47 (11333 turns).

KristoblXynda the Fighter (Green Draconian Monk)   Turns: 11333, Time: 00:16:48

Health: 0/102      AC: 15    Str: 16    XL:     11   Next: 86%
Magic:  13/13      EV: 18    Int: 13    God:    Dithmenos [*****.]
Gold:   630        SH:  6    Dex: 14    Spells: 7/10 levels left

rFire    . . .     GDR:     26%   - Fists (18.6)
rCold    . . .     SeeInvis +   n - +0 buckler
rNeg     . . .     Gourm    .   (armour unavailable)
rPois    +         Faith    .   a - +1 hat
rElec    .         Spirit   .   A - +1 cloak {MR+}
rCorr    .         Reflect  .   m - +1 pair of gloves
MR       +....                  (no boots)
Stlth    +++.......             u - amulet of rage
HPRegen  0.27/turn              s - ring of see invisible
MPRegen  0.13/turn              v - +3 ring of protection

@: wreathed by umbra, studying Dodging
A: breathe noxious fumes, unfitting armour, low mp 1, poison resistance, strong
1, evolution 1, cold-blooded, MP-powered wands, AC +7
a: Breathe Noxious Fumes, Shadow Step, Shadow Form, Renounce Religion, Evoke
Berserk Rage


You were on level 11 of the Dungeon.
You worshipped Dithmenos.
Dithmenos was extremely pleased with you.
You were not hungry.

You visited 2 branches of the dungeon, and saw 12 of its levels.
You also visited: Bailey.

You collected 777 gold pieces.
You spent 147 gold pieces at shops.

Inventory:

Armour
 a - a +1 hat (worn)
 m - a +1 pair of gloves (worn)
 n - a +0 buckler (worn)
 A - a +1 cloak of magic resistance (worn)
Jewellery
 f - an uncursed ring of wizardry
 h - the ring "Puomeal" {Ice Int+4}
   (You found it on level 1 of the Dungeon)

   [ring of ice]

   It enhances your ice magic.
   It affects your intelligence (+4).
   It makes you vulnerable to fire.
   It protects you from cold.
 q - an uncursed ring of resist corrosion
 s - a ring of see invisible (left hand)
 u - an amulet of rage (around neck)
 v - a +3 ring of protection (right hand)
Scrolls
 b - a scroll of magic mapping
 d - 2 scrolls of enchant weapon
 g - 3 scrolls of teleportation
 i - a scroll of blinking
 o - 8 scrolls of remove curse
 p - a scroll of fog
 z - a scroll of amnesia
Potions
 c - 5 potions of magic
 j - 4 potions of curing
 l - 2 potions of flight
 t - a potion of brilliance {unknown}
 w - a potion of resistance
 x - a potion of haste
 y - 2 potions of mutation
Comestibles
 e - 21 rations {!d}


   Skills:
 + Level 11.3 Fighting
 + Level 11.0 Dodging
 - Level 2.0 Stealth
 - Level 4.3 Shields
 + Level 10.5 Unarmed Combat
 + Level 2.4 Poison Magic
 - Level 5.1 Invocations
 - Level 5.3 Evocations


You had 7 spell levels left.
You knew the following spells:

 Your Spells              Type           Power        Failure   Level  Hunger
a - Mephitic Cloud        Conj/Pois/Air  #.......     78%         3    #####..

Your spell library contained the following spells:

 Spells                   Type           Power        Failure   Level  Hunger
 Magic Dart               Conj           #...         52%         1    None
 Blink                    Tloc           N/A          65%         2    ####...
 Call Imp                 Summ           #.....       65%         2    ####...
 Spider Form              Tmut/Pois      #..          73%         3    #####..
 Conjure Flame            Conj/Fire      #.......     87%         3    #####..


Dungeon Overview and Level Annotations

Branches:
Dungeon (11/12)            Temple (1/1) D:4            Lair (0/6) D:9
    Orc (0/1) D:10
 Vaults: D:11-12

Altars:
Ashenzari
Cheibriados
Dithmenos
Elyvilon
Fedhas
Gozag
Hepliaklqana
Kikubaaqudgha
Lugonu
Makhleb
Nemelex Xobeh
Okawaru
Qazlal
Ru
Sif Muna
Trog
Uskayaw
Vehumet
Wu Jian
Xom
Yredelemnul
Zin
The Shining One

Shops:
D:10 *

Annotations:
D:3 2 transporters, foxfromabyss's ghost, amateur VSWr
D:6 2 transporters, foxfromabyss's ghost, novice OgFi
D:7 1 runed door
D:11 Nergalle


Innate Abilities, Weirdness & Mutations

You can breathe blasts of noxious fumes.
Your lurid green scales are hard. (AC +7)
You cannot fit into any form of body armour.
Your system is resistant to poisons. (rPois)
You are cold-blooded and may be slowed by cold attacks.
Your magical capacity is low. (-10% MP)
Your muscles are strong. (Str +2)
You evolve.
You expend magic power (3 MP) to strengthen your wands.


Message History

The unseen horror hits you but does no damage.
You block the spectral orc's attack.
The merfolk hits you but does no damage.
You barely miss the unseen horror.
The unseen horror is severely wounded.
The unseen horror hits you!
* * * LOW HITPOINT WARNING * * *
The deep elf mage gestures wildly while chanting.
The deep elf mage blinks!
You block the slime creature's attack. The spectral orc misses you.
The unseen horror barely misses you.
The merfolk hits you but does no damage.
You punch the unseen horror! You tail-slap the unseen horror.
You kill the unseen horror!
Dithmenos accepts your kill. The slime creature closely misses you.
The spectral orc completely misses you.
Your Dodging skill increases to level 11!
You punch the slime creature!
The slime creature is moderately wounded.
The merfolk hits you from afar with a +0 trident!
You die...

#.# #..# #..# #..# #E.####
***##########.y5.m.########
*,,.......ZmyJ.).........<.
*,**######Jo##..##....y....
*,* #@# ##......###### *,*
#Z# #.#...# * *,* #Z#
#..... * *,* #.# ..... **
*,* #.# #...#****, *,* #.#
#....,,,,, *,* #.#
#?....,,,, *,* #.#
*,,,,**,** *,* *,*
*,,,,*≈≈≈*


You could see 2 slime creatures, Nergalle, a merfolk, an earth elemental, 2
spectral orcs, a spectral orc warrior, 2 killer bees and a crimson imp.

Vanquished Creatures
  Erolcha (D:9)
  2 two-headed ogres
  2 unseen horrors (D:11)
  An ugly thing (D:9)
  5 trolls
  2 hippogriffs
  A meliai zombie (D:11)
  A wyvern (D:9)
  A wraith (D:11)
  A human (shapeshifter) (D:11)
  14 yaks
  2 steam dragons
  2 wargs (D:9)
  Menkaure (D:7)
  2 crocodiles
  An acid dragon (D:10)
  Duvessa (D:5)
  3 ice beasts
  A soldier ant (D:10)
  2 necrophages (D:9)
  10 orc warriors
  3 sky beasts
  7 ogres
  3 bullfrogs
  6 kobold brigands
  2 gnoll sergeants (D:10)
  Dowan (D:5)
  A centaur (D:5)
  A scorpion (D:10)
  7 killer bees
  7 wights
  2 vampire bats (D:5)
  4 howler monkeys
  5 orc priests
  A bullfrog zombie (D:8)
  10 crimson imps
  Crazy Yiuf (D:6)
  13 orc wizards
  3 hounds
  3 iron imps (D:8)
  5 iguanas
  6 worker ants
  A killer bee zombie (D:6)
  19 gnolls
  9 adders
  A howler monkey skeleton (D:3)
  A river rat (shapeshifter) (D:11)
  An adder zombie (D:8)
  An adder skeleton (D:5)
  2 worms
  4 dart slugs
  6 leopard geckos
  43 orcs
  4 bat skeletons (D:5)
  A bat zombie (D:5)
  2 giant cockroaches
  12 goblins
  22 hobgoblins
  9 jackals
  26 kobolds
  3 quokkas
  A ball python (D:2)
  A ball python skeleton (D:4)
  8 bats
  3 frilled lizards
  A quokka zombie (D:6)
  4 rats
332 creatures vanquished.

Vanquished Creatures (others)
  An orc (D:10)
1 creature vanquished.

Grand Total: 333 creatures vanquished

Notes
Turn   | Place    | Note
-------+----------+-------------------------------------------
     0 | D:1      | KristoblXynda the Draconian Monk began the quest for the
                  | Orb.
     0 | D:1      | Reached XP level 1. HP: 19/19 MP: 2/2
   127 | D:1      | Reached XP level 2. HP: 15/26 MP: 1/3
   235 | D:1      | Got a sparkling copper ring
   410 | D:1      | Reached XP level 3. HP: 33/33 MP: 4/4
   877 | D:2      | Identified the cursed ring "Puomeal" {Ice Int+4} (You found
                  | it on level 1 of the Dungeon)
  1276 | D:2      | Reached XP level 4. HP: 40/40 MP: 5/5
  1360 | D:2      | Noticed a sky beast
  1389 | D:2      | Killed a sky beast
  1390 | D:2      | Reached XP level 5. HP: 7/47 MP: 0/6
  1681 | D:3      | Found a shadowy altar of Dithmenos.
  1790 | D:3      | Noticed foxfromabyss's ghost (amateur VSWr)
  2347 | D:3      | Found a sparkling altar of Nemelex Xobeh.
  2358 | D:3      | Found a transporter.
  2376 | D:3      | Found a transporter.
  2422 | D:3      | Found a shimmering altar of Xom.
  2440 | D:3      | Reached skill level 5 in Fighting
  2493 | D:4      | Reached XP level 6. HP: 55/56 MP: 7/7
  2541 | D:4      | Found a bloodstained altar of Trog.
  2618 | D:4      | Found a staircase to the Ecumenical Temple.
  2908 | D:4      | Noticed an ice beast
  2942 | D:4      | Killed an ice beast
  2943 | D:4      | Reached skill level 5 in Unarmed Combat
  3567 | D:5      | Entered Level 5 of the Dungeon
  3684 | D:5      | Your scales start taking on a lurid green colour.
  3684 | D:5      | Reached XP level 7. HP: 23/62 MP: 8/8
  3684 | D:5      | Gained mutation: Your system is resistant to poisons.
                  | (rPois) [Green Draconian growth]
  3730 | Temple   | Entered the Ecumenical Temple
  4043 | D:3      | Became a worshipper of Dithmenos the Shadowed
  4043 | D:3      | Reached * piety under Dithmenos
  4043 | D:3      | Reached ** piety under Dithmenos
  4432 | D:5      | Learned a level 3 spell: Mephitic Cloud
  4449 | D:5      | Noticed Duvessa
  4451 | D:5      | Noticed Dowan
  4476 | D:5      | Killed Duvessa
  4477 | D:5      | Reached skill level 5 in Dodging
  4482 | D:5      | Killed Dowan
  4735 | D:5      | Found an ancient bone altar of Kikubaaqudgha.
  4981 | D:6      | Reached XP level 8. HP: 58/71 MP: 8/10
  5110 | D:6      | Noticed a hippogriff
  5128 | D:6      | Killed a hippogriff
  5251 | D:6      | Found a runed door.
  5395 | D:6      | Noticed Crazy Yiuf
  5402 | D:6      | Killed Crazy Yiuf
  5415 | D:6      | Got an ebony mace
  5607 | D:6      | Found a transporter.
  5607 | D:6      | Noticed foxfromabyss's ghost (novice OgFi)
  5632 | D:6      | Found a transporter.
  5749 | D:6      | Noticed a two-headed ogre
  5760 | D:6      | Found an ornate altar of the Wu Jian Council.
  5764 | D:6      | Killed a two-headed ogre
  5765 | D:6      | Reached XP level 9. HP: 68/80 MP: 10/12
  5925 | D:7      | Found a white marble altar of Elyvilon.
  5925 | D:7      | Noticed an angel
  5934 | D:7      | Found a runed door.
  5939 | D:7      | Noticed Menkaure
  5946 | D:7      | Killed Menkaure
  5982 | D:7      | Found a white marble altar of Elyvilon.
  5984 | D:7      | Found a radiant altar of Vehumet.
  6004 | D:7      | Reached skill level 5 in Invocations
  6562 | D:8      | Reached skill level 1 in Shields
  6574 | D:8      | Noticed a troll
  6592 | D:8      | Reached *** piety under Dithmenos
  6669 | D:8      | Killed a troll
  6672 | D:8      | Found a flagged portal.
  6681 | Bailey   | Entered a bailey
  7014 | Bailey   | Reached **** piety under Dithmenos
  7442 | D:8      | Reached XP level 10. HP: 90/91 MP: 13/13
  7585 | D:8      | Identified a scroll of acquirement
  7809 | D:8      | Found a burning altar of Makhleb.
  8040 | D:8      | Reached skill level 1 in Evocations
  8658 | D:9      | Found an iron altar of Okawaru.
  8675 | D:9      | Noticed a two-headed ogre
  8683 | D:9      | Killed a two-headed ogre
  8684 | D:9      | Reached skill level 10 in Fighting
  8867 | D:9      | Noticed Erolcha
  8882 | D:9      | Killed Erolcha
  8883 | D:9      | Reached XP level 11. HP: 100/100 MP: 14/14
  8966 | D:9      | Reached ***** piety under Dithmenos
  9071 | D:9      | Found a staircase to the Lair.
  9359 | D:9      | Noticed a cyan ugly thing
  9377 | D:9      | Killed a cyan ugly thing
  9982 | D:10     | Entered Level 10 of the Dungeon
 10161 | D:10     | Found Batynledi's Assorted Antiques.
 10234 | D:10     | Bought a potion of heal wounds for 105 gold pieces
 10234 | D:10     | Bought a scroll of identify for 42 gold pieces
 10236 | D:10     | Gained mutation: Your muscles are strong. (Str +2) [potion
                  | of mutation]
 10236 | D:10     | Gained mutation: Your magical capacity is low. (-10% MP)
                  | [potion of mutation]
 10236 | D:10     | Gained mutation: You expend magic power (3 MP) to
                  | strengthen your wands. [potion of mutation]
 10236 | D:10     | Gained mutation: You evolve. [potion of mutation]
 10372 | D:10     | Reached skill level 10 in Dodging
 10414 | D:10     | Reached skill level 10 in Unarmed Combat
 10618 | D:10     | Found a shimmering blue altar of Sif Muna.
 10683 | D:10     | Found a staircase to the Orcish Mines.
 10713 | D:10     | Reached skill level 5 in Evocations
 11232 | D:11     | Noticed a skeletal warrior
 11232 | D:11     | Noticed a skeletal warrior
 11232 | D:11     | Noticed a skeletal warrior
 11232 | D:11     | Noticed a skeletal warrior
 11232 | D:11     | Noticed a skeletal warrior
 11232 | D:11     | Noticed a seven-headed hydra
 11238 | D:11     | Noticed an unseen horror
 11257 | D:11     | Noticed an unseen horror
 11258 | D:11     | Noticed a deep elf mage
 11267 | D:11     | Reached skill level 1 in Poison Magic
 11274 | D:11     | Noticed Nergalle
 11276 | D:11     | Killed an unseen horror
 11332 | D:11     | Killed an unseen horror
 11333 | D:11     | Slain by a merfolk

Skill      XL: |  1  2  3  4  5  6  7  8  9 10 11 |
---------------+----------------------------------+-----
Dodging        | 3 4 5 6 7 9 11 | 11.0
Fighting       | 4 5 6 7 9 10 11 | 11.3
Unarmed Combat | 4 5 6 7 8 9 10 | 10.5
Invocations    | 4 5 |  5.1
Shields        | 3 4 |  4.3
Evocations     | 3 5 |  5.3
Poison Magic   | 2 |  2.4
Stealth        | |  2.0

Action                   |  1- 3 |  4- 6 |  7- 9 | 10-12 || total
-------------------------+-------+-------+-------+-------++-------
Melee: Unarmed           |   161 |   287 |   380 |   594 ||  1422
       Tailslap          |    13 |    34 |    40 |    93 ||   180
       Punch             |     1 |       |       |       ||     1
 Abil: Breathe Noxious F |       |       |     8 |    11 ||    19
  Use: Scroll            |     6 |     2 |    10 |     8 ||    26
       Potion            |       |     1 |     1 |     4 ||     6
 Stab: Sleeping          |     5 |     4 |     4 |     4 ||    17
       Distracted        |     1 |       |       |     1 ||     2
       Confused          |       |       |     7 |    21 ||    28
  Eat: Chunk             |     5 |     6 |    15 |    16 ||    42
       Ration            |       |     3 |     1 |     3 ||     7
Armor: Skin              |    70 |    73 |   100 |   102 ||   345
Dodge: Dodged            |   142 |   117 |   399 |   417 ||  1075
Block: Buckler           |    30 |    27 |    94 |   151 ||   302
